 Dungeon Crawl Stone Soup version 0.30-b1-6-gad0e9d6a2d (webtiles) character file.

Game seed: 3432269185532325249

985 MacCMillion the Skirmisher (level 7, -2/50 (53) HPs)
             Began as a Demigod Hunter on May 5, 2023.
             Slain by a wight
             ... wielding a +0 great sword
              (11 damage)
             ... on level 6 of the Dungeon.
             The game lasted 00:07:49 (5283 turns).

MacCMillion the Skirmisher (Demigod Hunter)         Turns: 5283, Time: 00:07:50

HP:   -2/50 (53)    AC:  4    Str: 12    XL:     7   Next: 65%
MP:   9/9           EV: 17    Int: 11    God:
Gold: 377           SH:  0    Dex: 25    Spells: 6/6 levels left

rFire   + . .        a - +0 shortbow
rCold   . . .        (shield currently unavailable)
rNeg    + . .        t - +0 leather armour {rF+}
rPois   .            (no helmet)
rElec   .            (no cloak)
rCorr   .            (no gloves)
SInv    .            v - +0 pair of boots
Will    .....        (no amulet)
Stlth   ++           g - +5 ring of evasion
HPRegen 0.28/turn    q - ring of positive energy
MPRegen 0.11/turn

%: no passive effects
@: drained
A: high MP 1, forlorn, divine attributes
a: no special abilities


You were on level 6 of the Dungeon.
You visited 1 branch of the dungeon, and saw 6 of its levels.

You collected 377 gold pieces.

Inventory:

Hand Weapons
 a - a +0 shortbow (weapon)
Armour
 t - a +0 leather armour of fire resistance (worn)
 v - a +0 pair of boots (worn)
Jewellery
 g - a +5 ring of evasion (left hand)
 q - a ring of positive energy (right hand)
 r - a ring of protection from fire
 y - an amulet of regeneration
Wands
 z - a wand of flame (17)
Scrolls
 b - 3 scrolls of immolation
 c - a scroll of poison {unknown}
 d - 6 scrolls of identify {unknown}
 e - a scroll of fog
 f - a scroll of vulnerability {unknown}
 i - a scroll of fear
 j - a scroll of butterflies {unknown}
 o - a scroll of magic mapping {unknown}
 p - a scroll of teleportation {unknown}
 s - a scroll of noise {unknown}
 u - 2 scrolls of enchant armour {unknown}
Potions
 h - a potion of brilliance {unknown}
 k - 2 potions of flight {unknown}
 l - a potion of attraction {unknown}
 m - a potion of magic {unknown}
 n - a potion of curing {unknown}
 w - a potion of heal wounds {unknown}
 x - a potion of mutation {unknown}


   Skills:
 - Level 1.7 Fighting
 + Level 9.1 Ranged Weapons
 - Level 1.7 Dodging
 - Level 2.0 Stealth


You had 6 spell levels left.
You didn't know any spells.
Your spell library contained the following spells:

 Spells                   Type           Power      Damage    Failure   Level
 Blink                    Tloc           0%         N/A       56%         2
 Lesser Beckoning         Tloc           0%         N/A       56%         2
 Momentum Strike          Conj/Tloc      0%         3d8       56%         2
 Inner Flame              Hex/Fire       0%         N/A       80%         3
 Flame Wave               Conj/Fire      0%         2d4       99%         4
 Sticky Flame             Conj/Fire      0%         2d3       99%         4


Dungeon Overview and Level Annotations

Branches:
Dungeon (6/15)             Temple (0/1) D:5

Shops:
D:2 :

Annotations:
D:4 2 transporters, Mysteryquy's ghost, amateur DsFi
D:6 Maggie


Innate Abilities, Weirdness & Mutations

You have an increased reservoir of magic. (+10% MP)
You shall have no god before yourself.
Your divine heritage dramatically boosts your attributes as you level up.


Message History

The orc is heavily wounded.
You shoot an arrow. The arrow closely misses the orc.
You shoot an arrow. The arrow barely misses the orc.
You shoot an arrow. The arrow hits the orc.
The orc is almost dead.
You shoot an arrow. The arrow hits the orc!
You kill the orc!
You shoot an arrow. The arrow barely misses the wight.
You shoot an arrow. The arrow hits the wight.
The wight is moderately damaged.
You shoot an arrow.
The arrow hits the wight but does no damage.
The wight is moderately damaged.
You shoot an arrow. The arrow closely misses the wight.
The wight hits you with a +0 great sword!
You partially resist.
You feel drained.
The wight hits you with a +0 great sword.
You shoot an arrow. The arrow hits the wight.
The wight is moderately damaged.
A bullfrog comes into view.
The wight hits you with a +0 great sword!
You partially resist.
You feel drained.
You are too injured to fight recklessly!
The bullfrog croaks.
Okay, then.
Okay, then.
As you read the scroll labelled YTAHUOJ XUARGHO, it crumbles to dust.
The scroll dissolves into smoke.
It was a scroll of fog.
The wight barely misses you. The wight attacks as you move away!
The wight hits you with a +0 great sword!
* * * LOW HITPOINT WARNING * * *
You partially resist.
You feel drained.
* * * LOW HITPOINT WARNING * * *
As you read the scroll labelled TIEPPI ANTOMNU, it crumbles to dust.
You assume a fearsome visage.
The wight is unaffected.
It was a scroll of fear.
The wight misses you. The wight attacks as you move away!
The wight hits you with a +0 great sword!
You die...

.# #........# .#
#........# .#
#.....##.......##
.#
.##.....##..(....##
........#.........#
........#.........#
....F...#.........#
......§§##.......##
......§§##@§.....#
......§§Fz§§......#
.##...§§##§.......#
#...§§##........#
....).>.##.......#
.......)##.......#
..................
.
..................
.!
......)...........


You could see a bullfrog and a wight.

Vanquished Creatures
  2 black bears
  2 scorpions
  A bullfrog (D:5)
  2 wights (D:6)
  A hound (D:5)
  3 gnoll boudas (D:5)
  2 sleepcaps
  2 iguanas
  An orc wizard (D:4)
  14 gnolls
  5 adders
  A dart slug (D:1)
  11 orcs
  4 ball pythons
  3 bats
  8 endoplasms
  2 giant cockroaches
  8 goblins
  7 hobgoblins
  4 jackals (D:1)
  5 kobolds
  4 quokkas
  3 frilled lizards
  3 rats
98 creatures vanquished.

Vanquished Creatures (others)
  11 plants (D:4)
11 creatures vanquished.

Grand Total: 109 creatures vanquished

Notes
Turn   | Place    | Note
-------+----------+-------------------------------------------
     0 | D:1      | MacCMillion the Demigod Hunter began the quest for the Orb.
     0 | D:1      | Reached XP level 1. HP: 17/17 MP: 3/3
    15 | D:1      | Reached skill level 1 in Stealth
   352 | D:1      | Reached XP level 2. HP: 24/24 MP: 4/4
   412 | D:1      | Reached skill level 4 in Ranged Weapons
   874 | D:2      | Reached XP level 3. HP: 27/29 MP: 5/5
  1166 | D:2      | Reached XP level 4. HP: 36/36 MP: 6/6
  1235 | D:2      | Found a transporter.
  1291 | D:2      | Reached skill level 5 in Ranged Weapons
  1374 | D:2      | Found a transporter.
  1376 | D:2      | Found Yse Xuuc's Book Emporium.
  2633 | D:4      | Noticed a black bear
  2643 | D:4      | Reached XP level 5. HP: 41/41 MP: 7/7
  2829 | D:4      | Identified the +4 great mace of Arrival {venom, Str+3
                  | Int+2}
  2829 | D:4      | Noticed an ogre
  2829 | D:4      | Noticed an ogre
  2869 | D:5      | Entered Level 5 of the Dungeon
  2995 | D:5      | Reached skill level 6 in Ranged Weapons
  3108 | D:4      | Noticed Mysteryquy's ghost (amateur DsFi)
  3112 | D:4      | Found a transporter.
  3300 | D:4      | Reached XP level 6. HP: 30/48 MP: 8/8
  3770 | D:4      | Found a transporter.
  3825 | D:5      | Found a staircase to the Ecumenical Temple.
  3920 | D:5      | Reached skill level 7 in Ranged Weapons
  4524 | D:4      | Found a transporter.
  4589 | D:4      | Reached XP level 7. HP: 42/53 MP: 9/9
  4815 | D:5      | Reached skill level 8 in Ranged Weapons
  4928 | D:6      | Noticed Maggie
  5236 | D:6      | Reached skill level 9 in Ranged Weapons
  5283 | D:6      | Slain by a wight

Illustrated notes

Levels and vault maps discovered:
D:1:      scummos_arrival_hexagon, layout_rooms, roderic_lattice_a,
          serial_park_tiny_2
D:2:      layout_basic, serial_shops, nicolae_shop_drivethru
D:3:      layout_loops_ring, mainiacjoe_overflow_catwalk,
          mainiacjoe_overflow_catch_the_wave
D:4:      layout_rooms, gammafunk_ghost_smash, nicolae_grassy_gnolls
D:5:      layout_basic, xom_butterflies, nicolae_ru_awakened_eye,
          minmay_temple_entry_crystal_x, minmay_door_square
D:6:      layout_gridville, uniq_maggie

Skill      XL: |  1  2  3  4  5  6  7 |
---------------+----------------------+-----
Stealth        | 1 2 |  2.0
Ranged Weapons | 4 5 6 7 9 |  9.1
Fighting       | |  1.7
Dodging        | |  1.7

Action                     |  1- 3 |  4- 6 |  7- 9 || total
---------------------------+-------+-------+-------++-------
   Fire: Shortbow          |    76 |   203 |    84 ||   363
    Use: Scroll            |       |       |     2 ||     2
 Armour: Leather armour    |     7 |    21 |     2 ||    30
  Dodge: Dodged            |    24 |    95 |    58 ||   177
